 Dungeon Crawl Stone Soup version 0.30-a0-311-gf115ab0292 (webtiles) character file.

Game seed: 8585274294691314501

32 purpskrrrp the Ruffian (level 3, 0/36 HPs)
             Began as a Troll Fighter on Oct 25, 2022.
             Slain by a hobgoblin (2 damage)
             ... led by Robin
             ... on level 2 of the Dungeon.
             The game lasted 00:01:38 (1001 turns).

purpskrrrp the Ruffian (Troll Fighter)              Turns: 1001, Time: 00:01:38

Health: 0/36       AC:  4    Str: 26    XL:     3   Next: 10%
Magic:  11/11      EV:  8    Int:  4    God:
Gold:   53         SH:  7    Dex:  9    Spells: 2/2 levels left

rFire   . . .      SeeInvis .      - Unarmed
rCold   . . .      Faith    .    b - +0 kite shield
rNeg    + . .      Spirit   .    a - +0 robe
rPois   .          Reflect  .    (helmet restricted)
rElec   .          Harm     .    (no cloak)
rCorr   .          Rampage  .    (gloves unavailable)
Will    .....                    (boots unavailable)
Stlth   +.........               (no amulet)
HPRegen 1.06/turn                f - ring of positive energy
MPRegen 0.12/turn                h - ring of magical power

@: lethally poisoned (0 -> -1)
A: large, unfitting armour, claws 3, regeneration 1, shaggy fur 1, tough skin 1
a: no special abilities


You were on level 2 of the Dungeon.
You visited 1 branch of the dungeon, and saw 2 of its levels.

You collected 53 gold pieces.

Inventory:

Armour
 a - a +0 robe (worn)
 b - a +0 kite shield (worn)
Jewellery
 f - a ring of positive energy (left claw)
 h - a ring of magical power (right claw)
Scrolls
 e - 2 scrolls of identify
 i - 2 scrolls of magic mapping
 j - a scroll of vulnerability {unknown}
 k - a scroll of teleportation {unknown}
Potions
 c - a potion of might
 d - a potion of mutation {unknown}
 g - a potion of curing {unknown}


   Skills:
 + Level 2.7 Fighting
 + Level 2.7 Dodging
 - Level 2.6 Shields
 * Level 2.9 Unarmed Combat


You had 2 spell levels left.
You didn't know any spells.
Your spell library contained the following spells:

 Spells                   Type           Power      Damage    Failure   Level
 Ignite Poison            Fire/Tmut/Pois 0%         N/A       99%         3
 Sticky Flame             Conj/Fire      0%         2d3       100%        4
 Ignition                 Fire           0%         3d3       100%        8


Dungeon Overview and Level Annotations

Branches:
Dungeon (2/15)

Altars:

Annotations:
D:2 Robin


Innate Abilities, Weirdness & Mutations

You are too large for most types of armour.
You have claws for hands.
Your natural rate of healing is unusually fast.
You are covered in fur. (AC +1)
You have tough skin. (AC +1)


Message History

You claw the goblin!
You kill the goblin!
You feel very sick. The goblin hits you with a +0 dagger.
The goblin hits you with a +0 club. The goblin hits you with a +0 dagger.
* * * LOW HITPOINT WARNING * * *
The goblin barely misses you. x3; The hobgoblin hits you.
* * * LOW HITPOINT WARNING * * *
You are too injured to fight recklessly!
You are too injured to fight recklessly!
You are too injured to fight recklessly!
You are too injured to fight recklessly!
You are too injured to fight recklessly!
You are too injured to fight recklessly!
You are too injured to fight recklessly!
You are too injured to fight recklessly!
You are too injured to fight recklessly!
You are too injured to fight recklessly!
You are too injured to fight recklessly!
You are too injured to fight recklessly!
You are too injured to fight recklessly!
You are too injured to fight recklessly!
You are too injured to fight recklessly!
You are too injured to fight recklessly!
You are too injured to fight recklessly!
You are too injured to fight recklessly!
You are too injured to fight recklessly!
You are too injured to fight recklessly!
You are too injured to fight recklessly!
As you read the scroll labelled KAEPTA OLAIMNA, it crumbles to dust.
It is a scroll of identify.
i - 2 scrolls of magic mapping You feel sick.
You block the goblin's attack. The goblin hits you with a +0 dagger.
* * * LOW HITPOINT WARNING * * *
You block the goblin's attack. The goblin hits you with a +0 dagger.
* * * LOW HITPOINT WARNING * * *
The goblin completely misses you. The goblin hits you but does no damage.
You block the goblin's attack. The hobgoblin hits you.
You die...

#..........##
#.###...####.#..#......
.......................
###...........#..##.####
...........####..##....#
...........#..<..#####.#
....[..g...##.#..# #.#
.....gggg.)...#..#####.#
......g@g.##..#..#......
......ggg.....#..#.#####
...........##.#..#.#####
...#######.##.#..... ...
.. #.##.##...####. .
..##.#.........
..##.#......#..
...##.#..#.###..
...##... #†# #..


You could see Robin, a hobgoblin (strong) and 8 goblins.

Vanquished Creatures
  A ball python (D:1)
  2 endoplasms (D:1)
  A giant cockroach (D:1)
  3 goblins
  3 hobgoblins (D:1)
  8 jackals
  3 bats (D:1)
  A frilled lizard (D:1)
  A kobold (D:2)
  5 rats
28 creatures vanquished.

Notes
Turn   | Place    | Note
-------+----------+-------------------------------------------
     0 | D:1      | purpskrrrp the Troll Fighter began the quest for the Orb.
     0 | D:1      | Reached XP level 1. HP: 22/22 MP: 0/0
    63 | D:1      | Reached XP level 2. HP: 27/29 MP: 1/1
   900 | D:2      | Reached XP level 3. HP: 36/36 MP: 2/2
   993 | D:2      | Noticed Robin
  1001 | D:2      | Slain by a hobgoblin

Illustrated notes

Levels and vault maps discovered:
D:1:      minmay_arrival_open_corners, layout_basic
D:2:      layout_basic, basic_altar, basic_ecumenical_altar, uniq_jessica,
          uniq_robin

Action                   || total
-------------------------++-------
Melee: Unarmed           ||    88
  Use: Scroll            ||     1
Armor: Robe              ||    43
Dodge: Dodged            ||    43
Block: Kite shield       ||    28

Table legend: (Time is in decaauts)
 A = Elapsed time spent in this place.
 B = Non-inter-level travel time spent in this place.
 C = Inter-level travel time spent in this place.
 D = Time resting spent in this place.
 E = Time spent auto-exploring this place.
 F = Levels seen in this place.
 G = Mean time per level.
                   A        B        C        D        E       F      G
               +--------+--------+--------+--------+--------+-----+--------+
         Total |   1007 |    962 |     45 |      0 |    777 |   2 |  503.5 |
       Dungeon |   1007 |    962 |     45 |      0 |    777 |   2 |  503.5 |
               +--------+--------+--------+--------+--------+-----+--------+

Top non-repeatable levels by time:
     D:1: 885 daAuts
     D:2: 121 daAuts
